 Dungeon Crawl Stone Soup version 0.29.1-2-gbd0b4ee654 (webtiles) character file.

Game seed: 1307624677543772058

60 Icepheonix32 the Insei (level 4, -4/28 HPs)
             Began as an Octopode Transmuter on Nov 17, 2022.
             Slain by a kobold brigand
             ... wielding a +0 short sword
              (7 damage)
             ... in a sewer.
             The game lasted 00:02:07 (1658 turns).

Icepheonix32 the Insei (Octopode Transmuter)        Turns: 1658, Time: 00:02:07

Health: -4/28      AC:  1    Str: 11    XL:     4   Next: 4%
Magic:  2/7        EV: 17    Int: 15    God:
Gold:   137        SH:  0    Dex: 12    Spells: 1/7 levels left

rFire   . . .      SeeInvis .     - Unarmed
rCold   + . .      Faith    .   (no shield)
rNeg    . . .      Spirit   .   (helmet currently unavailable)
rPois   .          Reflect  .   (no amulet)
rElec   .          Harm     .   i - +4 ring of evasion
rCorr   .          Rampage  .   k - ring of protection from cold
Will    .....                   (no ring)
Stlth   ++++......              (no ring)
HPRegen 0.09/turn               (no ring)
MPRegen 0.10/turn               (no ring)
                                (no ring)
                                (no ring)

@: appendages (expiring), wereblooded, slowed, very slow
A: tentacle spike 3, almost no armour, amphibious, 8 rings, camouflage 1,
gelatinous body 1, nimble swimmer 1, tentacles
a: End Transformation


You were in a sewer.
One of your tentacles had grown a beastly spike.
You visited 1 branch of the dungeon, and saw 3 of its levels.
You also visited: Sewer.

You collected 137 gold pieces.

Inventory:

Missiles
 m - 6 poisoned darts
Jewellery
 i - a +4 ring of evasion (left tentacle)
 k - a ring of protection from cold (right tentacle)
Scrolls
 c - 2 scrolls of teleportation {unknown}
 e - a scroll of vulnerability {unknown}
 f - a scroll of identify {unknown}
 g - 2 scrolls of magic mapping {unknown}
 j - 2 scrolls of amnesia {unknown}
 l - a scroll of blinking {unknown}
Potions
 a - 2 potions of lignification
 b - a potion of brilliance {unknown}
 d - a potion of curing {unknown}
 h - a potion of berserk rage {unknown}
 n - a potion of flight {unknown}
 o - a potion of magic {unknown}


   Skills:
 + Level 1.1 Fighting
 * Level 2.2 Dodging
 + Level 1.3 Stealth
 + Level 3.6 Unarmed Combat
 + Level 2.4 Spellcasting
 + Level 2.7 Transmutations


You had one spell level left.
You knew the following spells:

 Your Spells              Type           Power      Damage    Failure   Level
a - Beastly Appendage     Tmut           20%        N/A       7%          1
b - Spider Form           Tmut/Pois      5%         N/A       36%         3
c - Wereblood             Tmut           10%        N/A       11%         2

Your spell library contained the following spells:

 Spells                   Type           Power      Damage    Failure   Level
 Ice Form                 Ice/Tmut       5%         N/A       77%         4


Dungeon Overview and Level Annotations

Branches:
Dungeon (3/15)              Sewer (1/1)

Altars:


Innate Abilities, Weirdness & Mutations

One of your tentacles has grown a beastly spike.
You cannot wear most types of armour.
You are amphibious.
You can wear up to eight rings at the same time.
Your skin changes colour to match your surroundings (Stealth+).
Your rubbery body absorbs attacks. (AC +1, EV +1)
You are camouflaged when in or above water. (Stealth+)
You have tentacles for arms and can constrict up to eight enemies at once.


Message History

Found a gate leading back out of this place.
You feel sick.
Casting: Beastly Appendage (safe; 7% risk of failure)
Confirm with . or Enter, or press ? or * to list all spells.
You miscast Wereblood.
You are very lightly contaminated with residual magic.
Nothing appears to happen.
You feel sick. The kobold hits you with a +0 club.
Unknown command.
Casting: Wereblood (safe; 11% risk of failure)
Confirm with . or Enter, or press ? or * to list all spells.
Your blood is infused with primal strength.
You feel sick.
The kobold splashes around in the water.
The kobold brigand misses you.
Unknown command.
One of your tentacles grows a vicious spike.
You feel sick.
You are no longer poisoned.
The kobold hits you with a +0 club. The kobold brigand closely misses you.
The kobold closely misses you.
Unknown command.
You are too injured to fight recklessly!
You tentacle-slap the kobold.
You feel a bit better.
You kill the kobold!
You hear a splash.
The kobold hits you but does no damage.
Unknown command.
You bludgeon the kobold brigand! Your grab misses the kobold brigand.
Your tentacle spike misses the kobold brigand.
The kobold brigand is moderately wounded.
Your transformation is almost over.
The kobold brigand closely misses you. The kobold barely misses you.
Your magical contamination has completely faded away.
Unknown command.
You barely miss the kobold. Your grab misses the kobold.
The kobold brigand hits you with a +0 short sword!
* * * LOW HITPOINT WARNING * * *
The kobold misses you.
The kobold brigand hits you with a +0 short sword!
You die...

###.####..#
#####..........
###..............
#................
#######................
#...!#................P
#!...'.~~...~~~.......~
#.∩!.KK~....~~~~~~...~P
#...!#@~~.P~P~~P~P..P~~
#### #########~#######~
~~~~~~~~~~~ ≈≈≈≈≈~≈≈≈≈≈
~~~~~~~~~~~~
#######~~~~## ~~~~~~
~~~~~P ~~ ~..


You could see a kobold brigand and a kobold.

Vanquished Creatures
  An adder (D:2)
  A dart slug (D:2)
  4 ball pythons
  5 bats
  3 endoplasms
  5 giant cockroaches
  2 goblins
  4 hobgoblins
  8 kobolds
  3 quokkas (D:2)
  3 frilled lizards (D:2)
  6 rats
45 creatures vanquished.

Vanquished Creatures (others)
  A plant (Sewer)
1 creature vanquished.

Grand Total: 46 creatures vanquished

Notes
Turn   | Place    | Note
-------+----------+-------------------------------------------
     0 | D:1      | Icepheonix32 the Octopode Transmuter began the quest for
                  | the Orb.
     0 | D:1      | Reached XP level 1. HP: 13/13 MP: 3/3
    97 | D:1      | Found a faded altar of an unknown god.
   315 | D:1      | Reached XP level 2. HP: 18/18 MP: 3/5
   969 | D:2      | Reached skill level 1 in Stealth
  1071 | D:2      | Reached XP level 3. HP: 21/23 MP: 4/6
  1427 | D:3      | Found a glowing drain.
  1445 | Sewer    | Entered a sewer
  1538 | Sewer    | Learned a level 3 spell: Spider Form
  1541 | Sewer    | Learned a level 2 spell: Wereblood
  1627 | Sewer    | Reached XP level 4. HP: 28/28 MP: 5/7
  1651 | Sewer    | Noticed a kobold brigand
  1658 | Sewer    | Slain by a kobold brigand

Illustrated notes

Levels and vault maps discovered:
D:1:      dpeg_arrival_castle, layout_rooms, ebering_ecumenical_altar_petrified,
          serial_forest, infiniplex_forest_clump_curved,
          infiniplex_forest_clump_curved, infiniplex_forest_clump_small,
          infiniplex_forest_lined_room_3, infiniplex_forest_clump_small,
          infiniplex_forest_lined_2, infiniplex_forest_clump_medium,
          infiniplex_forest_end_3, infiniplex_forest_zigzag_1
D:2:      layout_rooms
D:3:      layout_rooms, mainiacjoe_overflow_boulevard,
          nicolae_kikubaaqudgha_miasma_corner, portal_sewer_entry_f,
          gammafunk_ghost_mausoleum, hangedman_decor_slide_cut,
          chequers_serial_rivers_marsh, kennysheep_donut,
          minmay_misc_feat_plants, dk_noncrumbling_4, minmay_bisected
Sewer:    kennysheep_pipe_town

Skill      XL: |  1  2 |
---------------+-------+-----
Stealth        | 1 |  1.3
Fighting       | |  1.1
Dodging        | |  2.2
Unarmed Combat | |  3.6
Spellcasting   | |  2.4
Transmutations | |  2.7

Action                   |  1- 3 |  4- 6 || total
-------------------------+-------+-------++-------
Melee: Unarmed           |    77 |     5 ||    82
       Constrict         |    27 |       ||    27
       Tentacles         |    10 |       ||    10
       Kick              |    14 |     1 ||    15
       Punch             |     4 |       ||     4
 Cast: Beastly Appendage |    24 |     1 ||    25
       Wereblood         |       |     1 ||     1
 Stab: Sleeping          |     8 |     1 ||     9
Armor: Skin              |     6 |     1 ||     7
Dodge: Dodged            |    60 |     7 ||    67
